 Dungeon Crawl Stone Soup version bcrawl-1.19.2-6-g6a88ae04c9 (webtiles) character file.

Game seed: 3431788846453187313

131 MisterOstroum the Charmwright (level 4, -2/34 HPs)
             Began as a Demonspawn Skald on Jan 13, 2020.
             Slain by a worker ant (4 damage)
             ... on level 2 of the Dungeon.
             The game lasted 00:04:33 (2421 turns).

MisterOstroum the Charmwright (Demonspawn Skald)    Turns: 2421, Time: 00:04:33

Health: -2/34      AC:  3    Str: 11 (13) XL:     4   Next: 91%
Magic:  2/7        EV: 11    Int: 12 (14) God:
Gold:   132        SH:  0    Dex: 11 (12) Spells: 1/7 levels left

rFire    . . .     SeeInvis .   a - +0 spear
rCold    . . .     Gourm    .   (no shield)
rNeg     . . .     Faith    .   b - +0 leather armour
rPois    .         Spirit   .   (no helmet)
rElec    .         Reflect  .   (no cloak)
rCorr    .         Harm     .   (no gloves)
MR       .....                  (no boots)
Stlth    +++.......             (no amulet)
HPRegen  0.11/turn              l - ring of stealth
MPRegen  0.10/turn              (no ring)

@: lethally poisoned (-2 -> -9)
A: talons 2, powered by pain 1
a: no special abilities


You were on level 2 of the Dungeon.
You were very hungry.

You visited 1 branch of the dungeon, and saw 3 of its levels.

You collected 132 gold pieces.

Inventory:

Hand Weapons
 a - a +0 spear (weapon)
Missiles
 g - 141 stones (quivered)
Armour
 b - a +0 leather armour (worn)
 j - a +1 robe of fire resistance
Jewellery
 l - a ring of stealth (left hand)
Scrolls
 c - a scroll of noise {unknown}
 d - a scroll of fear {!r}
 f - 2 scrolls of remove curse {unknown}
 k - a scroll of identify {unknown}
Potions
 h - a potion of brilliance {unknown}
 i - a potion of curing {unknown}
 m - a potion of degeneration
 n - a potion of haste {unknown}
Comestibles
 e - 3 rations {!d}


   Skills:
 + Level 2.7 Fighting
 * Level 3.1 Polearms
 - Level 0.8 Armour
 - Level 1.7 Dodging
 - Level 2.0 Spellcasting
 * Level 1.7 Hexes
 + Level 3.5 Charms


You had one spell level left.
You knew the following spells:

 Your Spells              Type           Power        Failure   Level  Hunger
a - Infusion              Chrm           #.......     9%          1    ##.....
b - Song of Slaying       Chrm           #.......     13%         2    ###....
c - Spectral Weapon       Hex/Chrm       #.......     36%         3    ####...

Your spell library contained the following spells:

 Spells                   Type           Power        Failure   Level  Hunger
 Ozocubu's Armour         Chrm/Ice       #.......     45%         3    ####...
 Regeneration             Chrm/Necr      #.........   45%         3    ####...


Dungeon Overview and Level Annotations

Branches:
Dungeon (3/12)

Altars:


Innate Abilities, Weirdness & Mutations

You have razor-sharp toenails.
You sometimes gain a little power by taking damage.


Message History

You draw out your weapon's spirit!
The orc throws a tomahawk.
The tomahawk misses you.
You are starving!
You hit the howler monkey.
The howler monkey is lightly wounded.
Your spectral weapon hits the howler monkey but does no damage.
A bat comes into view.
The howler monkey hits you.
The orc throws a tomahawk.
The tomahawk barely misses you.
You are too hungry to fight recklessly!
You closely miss the howler monkey.
The howler monkey is lightly wounded.
Your spectral weapon hits the howler monkey from afar!
The howler monkey hits you.
The orc throws a tomahawk.
The tomahawk hits you.
You hit the howler monkey.
The howler monkey is severely wounded.
Your spectral weapon hits the howler monkey from afar!
You kill the howler monkey!
Your Polearms skill increases to level 3!
The orc throws a tomahawk.
The tomahawk hits you but does no damage.
A jackal comes into view.
You see here a howler monkey corpse.
You butcher the howler monkey corpse.
Attack whom?
Press: ? - help, Dir - move target cursor, f - gnoll
Aim: a gnoll, wielding a +0 halberd You reach to attack!
You hit the gnoll but do no damage.
Your spectral weapon hits the gnoll!
A jackal comes into view.
The gnoll closely misses your spectral weapon.
The jackal moves out of view.
A jackal comes into view.
Attack whom?
Press: ? - help, Dir - move target cursor, f/p - gnoll
Aim: a gnoll, wielding a +0 halberd (severely wounded)
You reach to attack!
You hit the gnoll.
The gnoll is almost dead.
Your spectral weapon hits the gnoll.
You kill the gnoll!
You hit the jackal.
The jackal is lightly wounded.
Your magical infusion is running out.
Your spectral weapon hits the jackal.
The jackal bites you.
The orc throws a tomahawk.
The tomahawk hits you.
You hit the jackal.
You kill the jackal!
The orc throws a tomahawk.
The tomahawk hits your spectral weapon but does no damage.
The jackal completely misses you.
There is a stone staircase leading up here.
The orc throws a tomahawk.
The tomahawk hits you.
The jackal barely misses your spectral weapon.
The jackal closely misses you.
Things that are here:
a chunk of flesh; a howler monkey skeleton Eat a chunk of flesh? (ye/n/q)
You eat the chunk of flesh.
This raw flesh tastes terrible.
You are feeling very hungry.
The jackal bites your spectral weapon but does no damage.
The orc throws a tomahawk.
The tomahawk closely misses you. The hobgoblin barely misses you.
The jackal bites you but does no damage.
The orc throws a tomahawk.
The tomahawk closely misses your spectral weapon.
The tomahawk barely misses the hobgoblin.
The tomahawk closely misses you. The hobgoblin barely misses you.
The jackal barely misses your spectral weapon.
The jackal closely misses you.
An adder comes into view.
You are no longer magically infusing your attacks.
The hobgoblin hits you with a cursed +0 club.
The adder moves out of view.
Found 12 gold pieces.
Your spectral weapon fades away.
Found 160 bolts.
The orc throws a tomahawk.
The tomahawk hits you.
The worker ant waves its antennae.
The jackal barely misses you.
There is a stone staircase leading up here.
The worker ant bites you.
* * * LOW HITPOINT WARNING * * *
You are lethally poisoned!
The worker ant poisons you! The jackal bites you.
* * * LOW HITPOINT WARNING * * *
You climb upwards.
* * * LOW HITPOINT WARNING * * *
You feel sick.
There is a stone staircase leading down here.
The jackal closely misses you.
It was a potion of degeneration.
There was something very wrong with that liquid.
You feel weakened.
You feel dopey.
You feel clumsy.
* * * LOW HITPOINT WARNING * * *
You feel sick. The worker ant bites you.
* * * LOW HITPOINT WARNING * * *
The jackal bites you.
* * * LOW HITPOINT WARNING * * *
The worker ant bites you.
You die...

##.........# #...#.#### #.
########...# #.#.#### #. ## #...#
#......# #. .### #...# #.#.##.#
#. ...# #...# ###.#.##.#######.
...#####...######........##......
..................#.#..#.##......
.#.............a)...#............
##.............h@.#.##.#.##.....#
##.#####...######......#.##.....#
...# #...# ###......######## ####
#...# #####...# #...# #..#.#
#...# #....# ##### ####...##
#.#### #.... #.......# #.####
#.##.
#####.###.#.##########....###.##.


You could see a worker ant and a jackal.

Vanquished Creatures
  A howler monkey (D:3)
  A gnoll (D:3)
  An adder (D:3)
  An ooze (D:1)
  2 worms
  5 dart slugs
  3 leopard geckos (D:1)
  2 orcs (D:2)
  3 ball pythons
  3 giant cockroaches
  5 hobgoblins
  A jackal (D:3)
  2 quokkas (D:2)
  2 bats (D:1)
  4 frilled lizards
  4 goblins
  7 kobolds
  3 rats (D:1)
50 creatures vanquished.

Vanquished Creatures (others)
  A hobgoblin (D:3)
1 creature vanquished.

Grand Total: 51 creatures vanquished

Notes
Turn   | Place    | Note
-------+----------+-------------------------------------------
     0 | D:1      | MisterOstroum the Demonspawn Skald began the quest for the
                  | Orb.
     0 | D:1      | Reached XP level 1. HP: 16/16 MP: 3/3
   169 | D:1      | Gained mutation: You have sharp toenails. [demonic
                  | ancestry]
   169 | D:1      | Reached XP level 2. HP: 19/22 MP: 5/5
   414 | D:1      | Learned a level 2 spell: Song of Slaying
   479 | D:1      | Gained mutation: You have razor-sharp toenails. [demonic
                  | ancestry]
   479 | D:1      | Reached XP level 3. HP: 28/28 MP: 0/6
   555 | D:1      | Learned a level 3 spell: Spectral Weapon
  2095 | D:2      | Reached skill level 1 in Hexes
  2095 | D:2      | Gained mutation: You sometimes gain a little power by
                  | taking damage. [demonic ancestry]
  2095 | D:2      | Reached XP level 4. HP: 18/34 MP: 2/7
  2421 | D:2      | Slain by a worker ant

Skill      XL: |  1  2  3  4 |
---------------+-------------+-----
Polearms       | 2 3 |  3.1
Charms         | 3 |  3.5
Hexes          | 1 |  1.7
Fighting       | |  2.7
Armour         | |  0.8
Dodging        | |  1.7
Spellcasting   | |  2.0

Action                   |  1- 3 |  4- 6 || total
-------------------------+-------+-------++-------
Melee: Spear             |   139 |    13 ||   152
       Kick              |    19 |       ||    19
 Cast: Infusion          |     7 |     1 ||     8
       Song of Slaying   |     6 |     1 ||     7
       Spectral Weapon   |     2 |     2 ||     4
  Use: Potion            |       |     1 ||     1
 Stab: Sleeping          |     2 |       ||     2
  Eat: Chunk             |     4 |     1 ||     5
Armor: Leather armour    |    16 |     2 ||    18
       Robe              |       |     1 ||     1
Dodge: Dodged            |    47 |    17 ||    64
